 Dungeon Crawl Stone Soup version 0.30.0-29-ga12c61a403 (webtiles) character file.

Game seed: 4907345955152948039

3250 qw the Cleaver (level 9, -2/57 HPs)
             Began as a Gargoyle Fighter on June 4, 2023.
             Was a Believer of Okawaru.
             Slain by a death yak (5 damage)
             ... on level 1 of the Lair of Beasts.
             The game lasted 00:03:48 (7726 turns).

qw the Cleaver (Gargoyle Fighter)                   Turns: 7726, Time: 00:03:48

Health: -2/57      AC: 29    Str: 22    XL:     9   Next: 99%
Magic:  8/12       EV: 10    Int:  9    God:    Okawaru [**....]
Gold:   494        SH: 10    Dex:  9    Spells: 8/8 levels left

rFire   . . .        Y - +3 war axe (elec)
rCold   . . .        c - +0 buckler
rNeg    + . .        a - +0 chain mail
rPois   inf          g - +2 helmet
rElec   +            k - +0 cloak
rCorr   +            (no gloves)
SInv    .            j - +1 pair of boots
Will    .....        v - amulet of reflection Stlth
                     b - ring "Ugeicir" {rCorr AC+4}
HPRegen 0.29/turn    (no ring)
MPRegen 0.13/turn

%: reflection, clarity
@: about to teleport, heroic
A: sickness immunity, AC +6, negative energy resistance 1, electricity
resistance, torment resistance 1, petrification resistance, clarity, weak 1,
MP-powered wands
a: Renounce Religion, Heroism


You were on level 1 of the Lair of Beasts.
You worshipped Okawaru.
Okawaru was pleased with you.
You visited 2 branches of the dungeon, and saw 9 of its levels.
You also visited: Ossuary.

You collected 494 gold pieces.


Innate Abilities, Weirdness & Mutations

You are immune to sickness and miasma.
Your stone body is resilient. (AC +6)
You are immune to poison.
You resist negative energy. (rN+)
You are resistant to electric shocks. (rElec)
You are resistant to unholy torment.
You are immune to petrification.
You possess an exceptional clarity of mind.
You are weak. (Str -2)
You expend magic power (3 MP) to strengthen your wands.


   Skills:
 - Level 7.1(12.1) Fighting
 + Level 9.8(14.8) Axes
 - Level 1.1(6.1) Throwing
 - Level 5.2(10.2) Armour
 - Level 1.7(6.7) Dodging
 - Level 4.0(9.0) Shields
 - Level 4.4 Invocations


You had 8 spell levels left.
You didn't know any spells.
Your spell library was empty.

Inventory:

Hand Weapons
 u - a +4 flail
 Y - a +3 war axe of electrocution (weapon)
Missiles
 n - 3 boomerangs (quivered)
Armour
 a - a +0 chain mail (worn)
 c - a +0 buckler (worn)
 g - a +2 helmet (worn)
 j - a +1 pair of boots (worn)
 k - a +0 cloak (worn)
Jewellery
 b - the ring "Ugeicir" (left hand) {rCorr AC+4}
   (You acquired it on level 2 of the Dungeon)

   [ring of protection]

   AC:        It affects your AC (+4).
   rCorr:     It protects you from acid and corrosion.
 v - an amulet of reflection (around neck)
 y - a ring of resist corrosion
Scrolls
 f - 2 scrolls of identify
 i - a scroll of teleportation
Potions
 d - 2 potions of might
 e - 2 potions of curing
 h - a potion of haste
 m - 2 potions of mutation
 o - a potion of flight {unknown}
 p - a potion of cancellation {unknown}
 q - a potion of magic
 r - a potion of brilliance {unknown}
 s - a potion of heal wounds {unknown}
 t - a potion of lignification
 w - a potion of invisibility {unknown}

Dungeon Overview and Level Annotations

Branches:
Dungeon (8/15)             Temple (0/1) D:7            Lair (1/5) D:8
Ossuary (visited)

Altars:
Ashenzari
Cheibriados
Dithmenos
Elyvilon
Hepliaklqana
Okawaru
Qazlal
Trog
Uskayaw
Vehumet
Xom
Yredelemnul
Zin

Shops:
D:2 (   D:7 :(

Annotations:
D:3 2 transporters, qw's ghost, amateur GrFi
D:5 1 runed translucent door, qw's ghost, novice GrFi
D:6 1 runed translucent door


Message History

The death yak is severely wounded.
You hit the death yak but do no damage. You hit the death yak but do no damage.
The death yak is severely wounded.
You hit the death yak.
The death yak gores you but does no damage. x2
You slash the death yak!
The death yak is almost dead.
You hit the death yak. You block the death yak's attack.
You slash the death yak!
You kill the death yak!
Okawaru is honoured by your kill.
You hit the death yak. x2
The death yak gores you. The death yak gores you!
Your Invocations skill gained 2 levels and is now at level 4!
You slash the death yak!
The death yak is moderately wounded.
You slash the death yak! You hit the death yak but do no damage.
The death yak gores you but does no damage. x2
The death yak barely misses you.
You slash the death yak!
The death yak is moderately wounded.
You hit the death yak but do no damage. You hit the death yak.
You slash the death yak!
The death yak is heavily wounded.
You slash the death yak! You hit the death yak. The death yak gores you!
The death yak gores you!!
The death yak gores you but does no damage.
7725 ||| READING 2 scrolls of teleportation.
As you read the scroll of teleportation, it crumbles to dust.
You feel strangely unstable.
You feel like a meek peon again.
The death yak gores you but does no damage.
You block the death yak's attack. The death yak gores you!
7726 ||| INVOKING Heroism.
You gain the combat prowess of a mighty hero.
The death yak gores you but does no damage.
The death yak gores you.
You die...

#### #..### ####....#
#.#..#.## ### #...#..##
#.# ##......# .##
####......## .##
##........%@#
..####.........YYYY#
................Y.....
.......~.~.7......#....#
....~...~~~.......#...#.
..7.~~..~~..~....#. .#.#
.7~~~..~.~~...7.##.. . .
...~....~~~~.~... .. ..
.......~.~~~~~~.


You could see 5 death yaks.

Vanquished Creatures
  A death yak (Lair:1)
  A wyvern (D:5)
  2 wargs (D:8)
  4 water moccasins
  2 black bears
  An ice beast (D:7)
  An orc warrior (D:8)
  3 ogres
  A centaur (D:7)
  A kobold brigand (D:7)
  3 bullfrogs
  4 wights (D:7)
  A jelly (D:7)
  2 orc priests
  A hound (D:5)
  An iguana (D:4)
  2 sleepcaps
  Terence (D:3)
  7 orc wizards
  Robin (D:3)
  8 adders
  4 gnolls
  2 river rats (D:3)
  A shadow imp (D:7)
  A white imp (D:6)
  2 ufetubi
  A worm (D:4)
  A dart slug (D:1)
  20 orcs
  10 ball pythons
  4 bats
  7 endoplasms
  9 giant cockroaches
  14 goblins
  11 hobgoblins
  6 jackals
  12 kobolds
  A quokka (D:2)
  3 frilled lizards
  A gnoll skeleton (Ossuary)
  6 goblin skeletons (Ossuary)
  2 jackal zombies (D:6)
  A kobold skeleton (Ossuary)
  2 kobold zombies (Ossuary)
  2 orc skeletons (Ossuary)
  3 orc zombies (Ossuary)
  2 rats
176 creatures vanquished.

Notes
Turn   | Place    | Note
-------+----------+-------------------------------------------
     0 | D:1      | qw the Gargoyle Fighter began the quest for the Orb.
     0 | D:1      | Reached XP level 1. HP: 14/14 MP: 1/1
     0 | D:1      | 0 ||| qw: Version: 0.2-a-107-g4668610
     0 | D:1      | 0 ||| qw: Game counter: 1313
     0 | D:1      | 0 ||| qw: Always use a shield: true
     0 | D:1      | 0 ||| qw: God list: Okawaru
     0 | D:1      | 0 ||| qw: Allow faded altars: false
     0 | D:1      | 0 ||| qw: Do Orc after D:15 true
     0 | D:1      | 0 ||| qw: Do second Lair branch before Depths: true
     0 | D:1      | 0 ||| qw: Lair rune preference: random
     0 | D:1      | 0 ||| qw: Plans: Normal, Zot:1-4, Slime:5, God:TSO, Crypt,
                  | Tomb, Abyss, Pan, Hells, Win
     0 | D:1      | 0 ||| PLANNING D:1-11
    92 | D:1      | HP: 3/14 [gnoll/+0 flail (4)]
    95 | D:1      | Reached skill level 2 in Axes
    95 | D:1      | Reached XP level 2. HP: 6/19 MP: 2/2
   154 | D:1      | 154 ||| DROPPING +0 whip.
   427 | D:1      | Reached skill level 3 in Axes
   482 | D:1      | 482 ||| Stepping ~*~*~tactically~*~*~ (stealth).
   511 | D:1      | Reached XP level 3. HP: 23/23 MP: 3/3
   514 | D:1      | 514 ||| Stepping ~*~*~tactically~*~*~ (hiding).
   548 | D:1      | 548 ||| Stepping ~*~*~tactically~*~*~ (hiding).
   549 | D:1      | 549 ||| Stepping ~*~*~tactically~*~*~ (hiding).
   550 | D:1      | 550 ||| Stepping ~*~*~tactically~*~*~ (hiding).
   808 | D:1      | 808 ||| FLEEEEING.
   809 | D:1      | 809 ||| FLEEEEING.
   888 | D:1      | Found a faded altar of an unknown god.
   917 | D:1      | 917 ||| UPGRADING to +0 pair of boots.
   922 | D:1      | 922 ||| UPGRADING to +0 cloak.
   927 | D:1      | 927 ||| READING scroll labelled ODOHAM ARATHRA.
   928 | D:1      | 928 ||| READING 2 scrolls labelled KUTULE CAQEHYA.
   929 | D:1      | 929 ||| READING scroll labelled PYZXA DAUKLAEGO.
   930 | D:1      | 930 ||| READING scroll labelled RIUXODUMYMP.
   931 | D:1      | 931 ||| READING scroll labelled BON AROUNETSU.
   945 | D:1      | 945 ||| READING scroll labelled JAAKHE MIUFUS.
   946 | D:1      | 946 ||| READING scroll labelled BETRON HIOMPAQ.
   951 | D:1      | 951 ||| DRINKING 2 grey potions.
   951 | D:1      | Gained mutation: You are weak. (Str -2) [potion of
                  | mutation]
   951 | D:1      | Gained mutation: You possess an exceptional clarity of
                  | mind. [potion of mutation]
   951 | D:1      | Gained mutation: You expend magic power (3 MP) to
                  | strengthen your wands. [potion of mutation]
   952 | D:1      | 952 ||| DROPPING scroll of butterflies.
  1048 | D:2      | 1048 ||| DRINKING 2 pink potions.
  1081 | D:2      | 1081 ||| DROPPING +1 whip of venom.
  1089 | D:2      | 1089 ||| UPGRADING to +0 chain mail.
  1099 | D:2      | 1099 ||| DROPPING +0 scale mail.
  1105 | D:2      | 1105 ||| READING scroll labelled VOMIEMASIS.
  1106 | D:2      | 1106 ||| READING scroll labelled WINEXT ZEURCH.
  1111 | D:2      | Reached XP level 4. HP: 28/28 MP: 4/4
  1175 | D:2      | 1175 ||| Stepping ~*~*~tactically~*~*~ (stealth).
  1333 | D:2      | Reached skill level 4 in Axes
  1389 | D:2      | Found Cixua's Weapon Boutique.
  1586 | D:2      | Found a shadowy altar of Dithmenos.
  2007 | D:2      | 2007 ||| READING scroll labelled XEDGHE ANEGGUEM.
  2008 | D:2      | 2008 ||| READING scroll labelled WIEFEUSTRIGG.
  2009 | D:2      | 2009 ||| READING scroll labelled OLUYWONYTH.
  2009 | D:2      | Identified a scroll of acquirement
  2009 | D:2      | 2009 ||| ACQUIRING ring "Ugeicir" {rCorr AC+4}
  2009 | D:2      | Acquired the ring "Ugeicir" {rCorr AC+4}
  2011 | D:2      | 2011 ||| UPGRADING to ring "Ugeicir" {rCorr AC+4}.
  2012 | D:2      | 2012 ||| READING 2 scrolls of identify.
  2012 | D:2      | 2012 ||| IDENTIFYING golden potion
  2056 | D:3      | 2056 ||| PLANNING SEWER
  2150 | D:3      | Noticed Robin
  2175 | D:3      | Killed Robin
  2246 | D:3      | Found a white marble altar of Elyvilon.
  2454 | D:3      | Found a bloodstained altar of Trog.
  2534 | D:3      | 2534 ||| Stepping ~*~*~tactically~*~*~ (stealth).
  2538 | D:3      | Reached XP level 5. HP: 32/32 MP: 5/5
  2693 | D:3      | Reached skill level 5 in Axes
  2764 | D:3      | Found a transporter.
  2770 | D:3      | Found a transporter.
  2771 | D:3      | Identified the +0 spear "Ukkeos" {chaos, Int+2}
  2788 | D:3      | Noticed Terence
  2800 | D:3      | Killed Terence
  2814 | D:3      | 2814 ||| RIP SEWER
  2816 | D:3      | 2816 ||| PLANNING D:1-11
  2864 | D:3      | Noticed qw's ghost (amateur GrFi)
  3108 | D:3      | 3108 ||| Stepping ~*~*~tactically~*~*~ (water).
  3115 | D:3      | Reached XP level 6. HP: 38/38 MP: 6/6
  3122 | D:3      | 3122 ||| UPGRADING to +0 helmet.
  3127 | D:3      | 3127 ||| UPGRADING to amulet of guardian spirit.
  3132 | D:3      | 3132 ||| READING scroll labelled KOBESM TUHET.
  3133 | D:3      | 3133 ||| READING scroll labelled POBIS OPLI.
  3221 | D:4      | 3221 ||| Stepping ~*~*~tactically~*~*~ (stealth).
  3225 | D:4      | 3225 ||| Stepping ~*~*~tactically~*~*~ (hiding).
  3264 | D:4      | 3264 ||| Stepping ~*~*~tactically~*~*~ (stealth).
  3265 | D:4      | 3265 ||| Stepping ~*~*~tactically~*~*~ (stealth).
  3282 | D:4      | 3282 ||| Stepping ~*~*~tactically~*~*~ (stealth).
  3330 | D:4      | Found a hazy altar of Hepliaklqana.
  3344 | D:4      | Found a glowing silver altar of Zin.
  3379 | D:4      | 3379 ||| SWAPPING to +2 war axe of electrocution.
  3380 | D:4      | 3380 ||| DROPPING +1 war axe of draining.
  3391 | D:4      | 3391 ||| READING scroll of enchant armour.
  3391 | D:4      | 3391 ||| ENCHANTING +0 helmet.
  3646 | D:4      | 3646 ||| Stepping ~*~*~tactically~*~*~ (hiding).
  3813 | D:4      | 3813 ||| READING scroll of enchant weapon.
  3813 | D:4      | 3813 ||| ENCHANTING +2 war axe of electrocution.
  3883 | D:4      | Reached skill level 6 in Axes
  4245 | D:5      | Entered Level 5 of the Dungeon
  4246 | D:5      | 4246 ||| PLANNING OSSUARY
  4254 | D:5      | Reached skill level 1 in Dodging
  4254 | D:5      | Reached XP level 7. HP: 43/43 MP: 7/7
  4256 | D:5      | Found a runed translucent door.
  4361 | D:5      | Noticed a wyvern
  4370 | D:5      | Killed a wyvern
  4528 | D:5      | Found a hide-covered altar of Uskayaw.
  4699 | D:5      | Reached skill level 7 in Axes
  4762 | D:5      | Found a radiant altar of Vehumet.
  4788 | D:5      | 4788 ||| READING scroll of enchant armour.
  4788 | D:5      | 4788 ||| ENCHANTING +1 helmet.
  4808 | D:5      | Reached XP level 8. HP: 40/48 MP: 5/8
  4862 | D:5      | Found a sand-covered staircase.
  4863 | D:5      | 4863 ||| UPGRADING to amulet of reflection.
  4873 | D:5      | 4873 ||| DROPPING amulet of guardian spirit.
  4874 | D:5      | 4874 ||| READING scroll labelled JURASA RALE.
  4879 | Ossuary  | Entered an ossuary
  4940 | Ossuary  | 4940 ||| FLEEEEING.
  4941 | Ossuary  | 4941 ||| FLEEEEING.
  4942 | Ossuary  | 4942 ||| FLEEEEING.
  4943 | Ossuary  | 4943 ||| FLEEEEING.
  4944 | Ossuary  | 4944 ||| FLEEEEING.
  4945 | Ossuary  | 4945 ||| FLEEEEING.
  4946 | Ossuary  | 4946 ||| FLEEEEING.
  4947 | Ossuary  | 4947 ||| FLEEEEING.
  4948 | Ossuary  | 4948 ||| FLEEEEING.
  4949 | Ossuary  | 4949 ||| FLEEEEING.
  4950 | Ossuary  | 4950 ||| FLEEEEING.
  4951 | Ossuary  | 4951 ||| FLEEEEING.
  4952 | Ossuary  | 4952 ||| FLEEEEING.
  4953 | Ossuary  | 4953 ||| FLEEEEING.
  4954 | Ossuary  | 4954 ||| FLEEEEING.
  4955 | Ossuary  | 4955 ||| FLEEEEING.
  4970 | Ossuary  | 4970 ||| FLEEEEING.
  5171 | D:5      | 5171 ||| PLANNING D:1-11
  5174 | D:5      | 5174 ||| Stepping ~*~*~tactically~*~*~ (hiding).
  5185 | D:5      | 5185 ||| Stepping ~*~*~tactically~*~*~ (stealth).
  5585 | D:5      | Noticed qw's ghost (novice GrFi)
  5627 | D:6      | Reached skill level 1 in Throwing
  5683 | D:6      | 5683 ||| Stepping ~*~*~tactically~*~*~ (hiding).
  5826 | D:6      | Found a snail-covered altar of Cheibriados.
  5869 | D:6      | Found a runed translucent door.
  5876 | D:6      | 5876 ||| READING 3 scrolls labelled CIHUALA LAVVU.
  5877 | D:6      | 5877 ||| DROPPING 2 scrolls of noise.
  5885 | D:6      | Found a basalt altar of Yredelemnul.
  6024 | D:6      | Reached skill level 8 in Axes
  6044 | D:6      | 6044 ||| Stepping ~*~*~tactically~*~*~ (stealth).
  6208 | D:6      | 6208 ||| Stepping ~*~*~tactically~*~*~ (hiding).
  6211 | D:6      | 6211 ||| Stepping ~*~*~tactically~*~*~ (hiding).
  6222 | D:6      | 6222 ||| Stepping ~*~*~tactically~*~*~ (stealth).
  6349 | D:6      | 6349 ||| READING 2 scrolls of identify.
  6349 | D:6      | 6349 ||| IDENTIFYING yellow potion
  6395 | D:7      | Found an iron altar of Okawaru.
  6396 | D:7      | 6396 ||| PLANNING OKAWARU WORSHIP
  6405 | D:7      | Became a worshipper of Warmaster Okawaru
  6405 | D:7      | 6405 ||| PLANNING D:1-11
  6429 | D:7      | 6429 ||| READING scroll of enchant armour.
  6429 | D:7      | 6429 ||| ENCHANTING +0 pair of boots.
  6464 | D:7      | Reached skill level 6 in Fighting
  6474 | D:7      | Identified the +5 short sword of Culaxaili {holy, Str+3
                  | Stlth+}
  6503 | D:7      | 6503 ||| DROPPING +0 flail.
  6507 | D:7      | 6507 ||| DROPPING +2 whip of flaming.
  6573 | D:7      | Reached XP level 9. HP: 53/55 MP: 9/9
  6593 | D:7      | Found a shadowy altar of Dithmenos.
  6604 | D:7      | 6604 ||| Stepping ~*~*~tactically~*~*~ (stealth).
  6605 | D:7      | 6605 ||| Stepping ~*~*~tactically~*~*~ (stealth).
  6611 | D:7      | 6611 ||| Stepping ~*~*~tactically~*~*~ (stealth).
  6640 | D:7      | Found Waamaem's Tiny Tomes.
  6663 | D:7      | Found Heifiad's Antique Weapon Emporium.
  6735 | D:7      | Reached skill level 9 in Axes
  6746 | D:7      | Found a staircase to the Ecumenical Temple.
  6756 | D:7      | 6756 ||| DRINKING 2 fizzy black potions.
  7033 | D:8      | Found a staircase to the Lair.
  7034 | D:8      | 7034 ||| Stepping ~*~*~tactically~*~*~ (hiding).
  7036 | D:8      | 7036 ||| Stepping ~*~*~tactically~*~*~ (hiding).
  7037 | D:8      | 7037 ||| Stepping ~*~*~tactically~*~*~ (hiding).
  7056 | D:8      | 7056 ||| Stepping ~*~*~tactically~*~*~ (stealth).
  7067 | D:8      | Reached * piety under Okawaru
  7112 | D:8      | Reached skill level 1 in Invocations
  7160 | D:8      | Found a broken altar of Ashenzari.
  7172 | D:8      | Found a shimmering altar of Xom.
  7447 | D:8      | Found a stormy altar of Qazlal.
  7476 | D:8      | 7476 ||| INVOKING Heroism.
  7578 | D:8      | 7578 ||| PLANNING LAIR
  7578 | D:8      | 7578 ||| READING scroll labelled DOAWIO ROIMUCH.
  7579 | D:8      | 7579 ||| READING 2 scrolls of identify.
  7579 | D:8      | 7579 ||| IDENTIFYING blue potion
  7580 | D:8      | 7580 ||| DROPPING potion of degeneration.
  7617 | Lair:1   | Entered Level 1 of the Lair of Beasts
  7706 | Lair:1   | Noticed a death yak
  7707 | Lair:1   | 7707 ||| INVOKING Heroism.
  7709 | Lair:1   | Noticed a death yak
  7710 | Lair:1   | Noticed a death yak
  7711 | Lair:1   | Noticed a death yak
  7714 | Lair:1   | Noticed a death yak
  7716 | Lair:1   | Noticed a death yak
  7721 | Lair:1   | Killed a death yak
  7721 | Lair:1   | Reached ** piety under Okawaru
  7724 | Lair:1   | HP: 14/57 [death yak (19)]
  7725 | Lair:1   | 7725 ||| READING 2 scrolls of teleportation.
  7725 | Lair:1   | HP: 3/57 [death yak (11)]
  7726 | Lair:1   | 7726 ||| INVOKING Heroism.
  7726 | Lair:1   | Slain by a death yak

Levels and vault maps discovered:
D:1:      eino_arrival_water_cross, layout_loops_cross,
          shapermc_ecumenical_altar_hornbeckon
D:2:      minmay_inner_zag, layout_basic, basic_altar, serial_shops,
          nicolae_shop_hallway_stairs
D:3:      layout_loops_corners, mainiacjoe_overflow_chevrons,
          mainiacjoe_overflow_paths, gammafunk_ghost_gnarly_gnolls,
          gup_sewer_entry_spiral, uniq_terence, uniq_robin
D:4:      layout_loops_corners, zin_treasury, overflow_temple_1_default
D:5:      layout_cave_pods, mainiacjoe_overflow_24_doors, fiery_altar_vehumet,
          ebering_ghost_reflecting_pool, enter_ossuary_2
D:6:      layout_loops_ring, dk_yredelemnul_ordeal, kennysheep_mini_moat
D:7:      layout_gridville, amcnicky_altar_gilded,
          grunt_dithmenos_smoke_and_mirrors, minmay_temple_entry_gardened_gates,
          nicolae_stop_n_shop_1, nicolae_shop_i_like_small_books_too
D:8:      layout_gridville, mainiacjoe_overflow_boulevard, xom_teletrap_fun,
          mainiacjoe_overflow_alcove_1, erik_lair_orcish_takeover,
          lemuel_flamethrower_2
Lair:1:   layout_layer_cave, nicolae_quartered_pool_medium, lemuel_fruit_tree,
          uniq_gastronok, uniq_joseph

Skill      XL: |  1  2  3  4  5  6  7  8  9 |
---------------+----------------------------+-----
Axes           | 2 3 4 5 6 7 8 9 |  9.8
Fighting       | 4 6 7 |  7.1
Dodging        | 1 |  1.7
Armour         | 4 5 |  5.2
Throwing       | 1 |  1.1
Shields        | 4 |  4.0
Invocations    | 4 |  4.4

Action                     |  1- 3 |  4- 6 |  7- 9 || total
---------------------------+-------+-------+-------++-------
  Melee: War axe           |   118 |   181 |   201 ||   500
  Throw: Boomerang         |       |       |    33 ||    33
 Invoke: Heroism           |       |       |     3 ||     3
    Use: Scroll            |     9 |     8 |     8 ||    25
         Potion            |     2 |       |     1 ||     3
 Armour: Scale mail        |    70 |       |       ||    70
         Chain mail        |     1 |    89 |    99 ||   189
  Dodge: Dodged            |    57 |    52 |    51 ||   160
  Block: Buckler           |    21 |    26 |    53 ||   100
         Reflection        |       |       |     1 ||     1

Table legend:
 A = Non-vault XP
 B = Vault XP
 C = Vault XP percentage of total XP
 D = Non-vault monster count
 E = Vault monster count
 F = Vault count percentage of total count
                 A         B        C        D         E       F
            +---------+---------+-------+---------+---------+-------
      Total |    3958 |     686 |  14.8 |     128 |      48 |  27.3
            +---------+---------+-------+---------+---------+-------
        D:1 |      53 |       0 |   0.0 |      21 |       0 |   0.0
        D:2 |      56 |       9 |  13.8 |      24 |       5 |  17.2
        D:3 |      74 |     128 |  63.4 |      11 |      18 |  62.1
        D:4 |     231 |       1 |   0.4 |      16 |       1 |   5.9
        D:5 |     766 |       0 |   0.0 |      22 |       0 |   0.0
        D:6 |     758 |       2 |   0.3 |      12 |       2 |  14.3
        D:7 |     792 |       0 |   0.0 |      17 |       0 |   0.0
        D:8 |     308 |     531 |  63.3 |       3 |       7 |  70.0
     Lair:1 |     920 |       0 |   0.0 |       2 |       0 |   0.0
    Ossuary |       0 |      15 | 100.0 |       0 |      15 | 100.0
            +---------+---------+-------+---------+---------+-------
